 Dungeon Sprint DCSS version 0.29.1-13-g9f3cf754e1 (webtiles) character file.

Game seed: 4295430216956616705

227 theswoord the Cruncher (level 5, -7/49 HPs)
             Began as a Demonspawn Gladiator on Jan 26, 2023.
             Was an Initiate of Yredelemnul.
             Mangled by a warg (10 damage)
             ... in the Dungeon (Sprint VII: "The Pits").
             The game lasted 00:02:02 (397 turns).

theswoord the Cruncher (Demonspawn Gladiator)        Turns: 397, Time: 00:02:02

Health: -7/49      AC:  4    Str: 15    XL:     5   Next: 70%
Magic:  5/5        EV: 12    Int:  9    God:    Yredelemnul [......]
Gold:   0          SH:  0    Dex: 16    Spells: 4/4 levels left

rFire   . . .      SeeInvis .   l - +2 quarterstaff
rCold   . . .      Faith    .   (shield currently unavailable)
rNeg    . . .      Spirit   .   b - +0 leather armour
rPois   .          Reflect  .   c - +0 helmet
rElec   .          Harm     .   (no cloak)
rCorr   .          Rampage  .   (no gloves)
Will    .....      NoTele   +   (no boots)
Stlth   +.........              (no amulet)
HPRegen 0.16/turn               (no ring)
MPRegen 0.09/turn               (no ring)

@: hasted, invisible, very quick
A: hooves 1, foul stench 1
a: Renounce Religion, Recall Undead Harvest


You were in the Dungeon.
You worshipped Yredelemnul.
Yredelemnul was noncommittal.
You visited 1 branch

Inventory:

Hand Weapons
 a - a +0 quarterstaff
 l - a +2 quarterstaff (weapon)
Missiles
 d - 3 throwing nets (quivered)
 e - a javelin
Armour
 b - a +0 leather armour (worn)
 c - a +0 helmet (worn)
Scrolls
 k - a scroll of blinking
 n - 2 scrolls of vulnerability
 o - 5 scrolls of amnesia
 p - a scroll of summoning
Potions
 i - 4 potions of magic
 j - 2 potions of berserk rage
 m - a potion of invisibility


   Skills:
 + Level 8.0 Fighting
 + Level 8.7 Staves
 - Level 1.7 Throwing
 - Level 2.6 Dodging


You had 4 spell levels left.
You didn't know any spells.
Your spell library was empty.

Dungeon Overview and Level Annotations

Branches:
Dungeon (1/1)

Altars:
Ashenzari
Cheibriados
Dithmenos
Fedhas
Gozag
Hepliaklqana
Kikubaaqudgha
Makhleb
Nemelex Xobeh
Okawaru
Qazlal
Ru
Sif Muna
Trog
Uskayaw
Vehumet
Wu Jian
Xom
Yredelemnul
Jiyva
Lugonu


Innate Abilities, Weirdness & Mutations

You have large cloven feet.
You may rarely emit foul miasma when damaged in melee.


Message History

The warg pauses to sniff the ground.
The warg bites your bullfrog zombie!
Your bullfrog zombie is destroyed!
You fade into invisibility!
An orc comes into view. It is wielding a +0 hand axe.
An orc comes into view. It is wielding a +0 short sword.
You feel yourself speed up. The warg bites you but does no damage.
The warg closely misses you.
You barely miss the warg.
The warg is heavily wounded.
You sock the warg!
The warg is severely wounded.
The warg bites you!
* * * LOW HITPOINT WARNING * * *
Okay, then.
You feel much better.
The orc shouts!
The warg closely misses you.
You thump the warg!
You kill the warg!
The white imp gestures at the warg.
The puff of frost hits you!
* * * LOW HITPOINT WARNING * * *
Your Fighting skill gained 3 levels and is now at level 8!
Your Staves skill increases to level 8!
You have reached level 5!
You feel better.
An orc comes into view. It is wielding a +0 hand axe.
The warg bites you but does no damage.
The orc shouts!
You hit the warg but do no damage. You kick the warg, but do no damage.
You sock the warg! You kick the warg, but do no damage.
The warg is moderately wounded.
The warg bites you!
* * * LOW HITPOINT WARNING * * *
You hit the warg. You kick the warg, but do no damage.
The warg is moderately wounded.
The warg bites you!
You die...
Your body rises from the dead as a mindless zombie.

#)#####)#####.....
#.# #..# #.....
#.# +..+ ####'#
#.# #### #.....
#.# #..... #.#
#..... #.# #...<.
#.# #..... #@#
#..... #h#######
#..... #5...5..#
###### #..###..#
#.o.. ##o### ..
.## ..


You could see a warg, a white imp (unable to see you) and 2 orcs.

Vanquished Creatures
  A warg (D)
  A bullfrog (D)
  An orc priest (D)
  A gnoll (D)
  An orc (D)
  A goblin (D)
6 creatures vanquished.

Vanquished Creatures (others)
  A bullfrog zombie (D)
  An orc zombie (D)
  A gnoll zombie (D)
3 creatures vanquished.

Grand Total: 9 creatures vanquished

Notes
Turn   | Place    | Note
-------+----------+-------------------------------------------
     0 | D        | theswoord the Demonspawn Gladiator began the quest for the
                  | Orb.
     0 | D        | Reached XP level 1. HP: 16/16 MP: 1/1
    40 | D        | Found a basalt altar of Yredelemnul.
    40 | D        | Found a shimmering altar of Xom.
    40 | D        | Found an ornate altar of the Wu Jian Council.
    40 | D        | Found a bloodstained altar of Trog.
    40 | D        | Found a shimmering blue altar of Sif Muna.
    40 | D        | Found a sacrificial altar of Ru.
    40 | D        | Found a stormy altar of Qazlal.
    40 | D        | Found an iron altar of Okawaru.
    40 | D        | Found a sparkling altar of Nemelex Xobeh.
    40 | D        | Found a burning altar of Makhleb.
    40 | D        | Found a viscous altar of Jiyva.
    40 | D        | Found a hazy altar of Hepliaklqana.
    40 | D        | Found an opulent altar of Gozag.
    40 | D        | Found a blossoming altar of Fedhas.
    40 | D        | Found a shadowy altar of Dithmenos.
    40 | D        | Found a snail-covered altar of Cheibriados.
    41 | D        | Found a radiant altar of Vehumet.
    41 | D        | Found a corrupted altar of Lugonu.
    42 | D        | Found a hide-covered altar of Uskayaw.
    42 | D        | Found an ancient bone altar of Kikubaaqudgha.
    42 | D        | Found a broken altar of Ashenzari.
    46 | D        | Became a worshipper of Yredelemnul the Dark
    63 | D        | Gained mutation: You have large cloven feet. [demonic
                  | ancestry]
    63 | D        | Reached XP level 2. HP: 13/22 MP: 2/2
   187 | D        | Noticed a bullfrog
   203 | D        | Killed a bullfrog
   204 | D        | Reached skill level 5 in Fighting
   204 | D        | Reached XP level 3. HP: 33/33 MP: 3/3
   204 | D        | Gained mutation: You may rarely emit foul miasma when
                  | damaged in melee. [demonic ancestry]
   204 | D        | Reached XP level 4. HP: 39/39 MP: 4/4
   207 | D        | Reached * piety under Yredelemnul
   379 | D        | Noticed a warg
   384 | D        | Noticed a warg
   391 | D        | HP: 1/40 [warg (14)]
   393 | D        | Killed a warg
   394 | D        | Reached XP level 5. HP: 12/49 MP: 5/5
   397 | D        | Mangled by a warg

Skill      XL: |  1  2  3  4 |
---------------+-------------+-----
Staves         | 4 6 8 |  8.7
Fighting       | 5 8 |  8.0
Throwing       | |  1.7
Dodging        | |  2.6

Action                   |  1- 3 |  4- 6 || total
-------------------------+-------+-------++-------
Melee: Quarterstaff      |     7 |    11 ||    18
       Kick              |       |     5 ||     5
  Use: Potion            |     1 |     4 ||     5
Armor: Leather armour    |     2 |     2 ||     4
Dodge: Dodged            |     1 |     2 ||     3

Levels and vault maps discovered:
D:        pitsprint [storerooms_1, entrance_room_1, metal_vault_3, armoury_1,
          mini_pit_1, grid_room_1, main_hall_1, silver_pit, the_coven_3,
          the_vestibule_1, steel_vault_5, golden_pit, hallway_of_sentries,
          crystal_vault_1, iron_vault_5, final_vault]
